 Dungeon Crawl Stone Soup version 0.29.1-15-g9cfb28693d (webtiles) character file.

Game seed: 9031996331550545787

131 Heoruswealwe the Trooper (level 4, 0/41 HPs)
             Began as a Minotaur Fighter on Mar 25, 2023.
             Frozen to death by an endoplasm (3 damage)
             ... summoned by a shadow demon
             ... created by the darkness of Dithmenos
             ... on level 3 of the Dungeon.
             The game lasted 00:15:57 (1753 turns).

Heoruswealwe the Trooper (Minotaur Fighter)         Turns: 1753, Time: 00:15:58

Health: 0/41       AC:  9    Str: 22    XL:     4   Next: 91%
Magic:  3/3        EV:  7    Int:  5    God:
Gold:   195        SH:  4    Dex: 10    Spells: 3/3 levels left

rFire   . . .      SeeInvis .   a - +0 war axe
rCold   . . .      Faith    .   c - +0 buckler
rNeg    . . .      Spirit   .   n - +0 chain mail
rPois   .          Reflect  .   (helmet restricted)
rElec   .          Harm     .   (no cloak)
rCorr   .          Rampage  .   (no gloves)
Will    .....                   (no boots)
Stlth   ..........              r - amulet of the acrobat
HPRegen 0.13/turn               (no ring)
MPRegen 0.08/turn               (no ring)

@: no status effects
A: horns 2, retaliatory headbutt
a: no special abilities


You were on level 3 of the Dungeon.
You visited 1 branch of the dungeon, and saw 3 of its levels.

You collected 195 gold pieces.

Inventory:

Hand Weapons
 a - a +0 war axe (weapon)
Armour
 c - a +0 buckler (worn)
 n - a +0 chain mail (worn)
Jewellery
 r - an amulet of the acrobat (around neck)
Wands
 p - a wand of flame (28)
 q - a wand of polymorph (8)
Scrolls
 f - a scroll of noise {unknown}
 g - a scroll of brand weapon {unknown}
 h - 3 scrolls of immolation {unknown}
 j - 2 scrolls of enchant armour {unknown}
 k - a scroll of teleportation {unknown}
 l - a scroll of silence {unknown}
 o - a scroll of acquirement {unknown}
 s - a scroll of identify {unknown}
 t - a scroll of blinking {unknown}
 u - a scroll of vulnerability {unknown}
 v - a scroll of butterflies {unknown}
Potions
 b - a potion of curing {unknown}
 d - 2 potions of might
 e - 2 potions of flight {unknown}
 i - 2 potions of heal wounds {unknown}
 m - 2 potions of mutation {unknown}


   Skills:
 + Level 4.7 Fighting
 + Level 3.7 Axes
 + Level 4.5 Armour
 + Level 4.6 Shields


You had 3 spell levels left.
You didn't know any spells.
Your spell library was empty.

Dungeon Overview and Level Annotations

Branches:
Dungeon (3/15)

Altars:
Dithmenos
Xom


Innate Abilities, Weirdness & Mutations

You have a pair of horns on your head.
You reflexively headbutt those who attack you in melee.


Message History

The shadow hits you!
You hit the shadow.
The shadow is lightly damaged.
The shadow closely misses you. You furiously retaliate!
You headbutt the shadow. You hit the shadow. Your headbutt misses the shadow.
The shadow is moderately damaged.
The shadow barely misses you. You furiously retaliate!
You headbutt the shadow! You block the shadow's attack.
You closely miss the shadow.
The shadow is almost destroyed.
The shadow hits you!
* * * LOW HITPOINT WARNING * * *
You closely miss the shadow.
The shadow is almost destroyed.
The shadow slips into darkness.
The shadow flickers and vanishes!
Deactivating autopickup; reactivate with Ctrl-A.
You miss something.
The shadow demon gestures.
The shadow strikes at you from the darkness!
* * * LOW HITPOINT WARNING * * *
Reactivating autopickup.
You barely miss the shadow.
The shadow is almost destroyed.
The shadow barely misses you. You block the shadow's attack.
You hit the shadow.
You destroy the shadow!
That felt strangely unrewarding.
You miss the shadow demon.
The shadow demon gestures. x2
You hit the endoplasm.
The endoplasm is moderately wounded.
You closely miss the goblin. You miss the frilled lizard.
You hit the shadow demon but do no damage.
The frilled lizard dissolves into shadows!
You block the shadow demon's attack. The endoplasm freezes you.
You are frozen.
You die...

#.# #.# ... ....# #.#
..# .#.## #.#
#..#....## #.#
#......... #.#
#...#...#.######g#
.#...##.##...w22@J#
.#...##.##...lS##.#
.......<.....S.##.###
.#...#####....S##...#
.#...# ##..2..##.#.#
.....# #..#.####.#.#
.#...# #.##w###....#
.#...####⌠#####..#..#
.....####_~.##..###.#


You could see 2 shadow demons, a worm (summoned), an adder (summoned), an
endoplasm (summoned), a goblin (summoned), a ball python (summoned) and a
frilled lizard (summoned).

Vanquished Creatures
  A shadow (D:3)
  The ghost of Eitelfritz the Shield-Bearer, a weakling TrFi (D:3)
  2 adders
  A dart slug (D:1)
  An orc (D:3)
  4 ball pythons
  3 endoplasms
  6 giant cockroaches
  7 goblins
  9 hobgoblins
  A quokka (D:2)
  8 bats
  5 frilled lizards
  5 kobolds
  A rat (D:1)
55 creatures vanquished.

Vanquished Creatures (others)
  20 plants (D:1)
20 creatures vanquished.

Grand Total: 75 creatures vanquished

Notes
Turn   | Place    | Note
-------+----------+-------------------------------------------
     0 | D:1      | Heoruswealwe the Minotaur Fighter began the quest for the
                  | Orb.
     0 | D:1      | Reached XP level 1. HP: 19/19 MP: 0/0
   252 | D:1      | Reached XP level 2. HP: 24/27 MP: 1/1
   488 | D:1      | Found a faded altar of an unknown god.
   549 | D:1      | Prayed at the altar of an unknown god.
   549 | D:1      | Became a worshipper of Dithmenos the Shadowed
   549 | D:1      | Reached * piety under Dithmenos
   550 | D:1      | Fell from the grace of Dithmenos
   930 | D:2      | Reached XP level 3. HP: 30/33 MP: 2/2
  1444 | D:3      | Found a shimmering altar of Xom.
  1444 | D:3      | Found a shimmering altar of Xom.
  1444 | D:3      | Found a shimmering altar of Xom.
  1445 | D:3      | Found a shimmering altar of Xom.
  1446 | D:3      | Found a shimmering altar of Xom.
  1446 | D:3      | Found a shimmering altar of Xom.
  1525 | D:3      | Reached XP level 4. HP: 36/41 MP: 3/3
  1538 | D:3      | Found a runed translucent door.
  1550 | D:3      | Noticed Eitelfritz's ghost (weakling TrFi)
  1592 | D:3      | Killed Eitelfritz's ghost
  1739 | D:3      | Noticed a shadow
  1739 | D:3      | Noticed a shadow demon
  1739 | D:3      | Noticed a shadow demon
  1751 | D:3      | Killed a shadow
  1753 | D:3      | Frozen to death by an endoplasm

Illustrated notes

Levels and vault maps discovered:
D:1:      lightli_arrival_windingriver, layout_basic,
          hellmonk_ecumenical_altar_arch_garden
D:2:      cheibrodos_greedy_goblins, layout_rooms,
          chequers_serial_rivers_small_a
D:3:      layout_loops_ring, xom_redecorated, ebering_ghost_sewer_d

Skill      XL: |  1  2 |
---------------+-------+-----
Shields        | 4 |  4.6
Fighting       | 4 |  4.7
Armour         | 4 |  4.5
Axes           | 3 |  3.7

Action                   |  1- 3 |  4- 6 || total
-------------------------+-------+-------++-------
Melee: War axe           |   129 |    36 ||   165
       Headbutt          |    14 |     2 ||    16
Invok: Renounce Religion |     1 |       ||     1
Armor: Scale mail        |    20 |       ||    20
       Chain mail        |    12 |    16 ||    28
Dodge: Dodged            |    44 |    13 ||    57
Block: Buckler           |    21 |     7 ||    28
